 Dungeon Crawl Stone Soup version 0.28-a0-479-g5baa6b73be (webtiles) character file.

Game seed: 8890015211933998100

537 willcat the Covert (level 7, -1/46 HPs)
             Began as an Octopode Delver on Sept 18, 2021.
             Slain by an ice beast (3 damage)
             ... on level 6 of the Dungeon.
             The game lasted 00:02:54 (2226 turns).

willcat the Covert (Octopode Delver)                Turns: 2226, Time: 00:02:55

Health: -1/46      AC:  1    Str: 11    XL:     7   Next: 25%
Magic:  9/9        EV: 14    Int: 14    God:
Gold:   53         SH:  6    Dex: 14    Spells: 6/9 levels left

rFire   . . .      SeeInvis .   a - +0 short sword
rCold   . . .      Faith    .   h - +2 buckler
rNeg    . . .      Spirit   .   (helmet restricted)
rPois   .          Reflect  .   (no amulet)
rElec   .          Harm     .   (no ring)
rCorr   .          Rampage  .   (no ring)
Will    .....                   (no ring)
Stlth   +++++.....              (no ring)
HPRegen 0.15/turn               (no ring)
MPRegen 0.11/turn               (no ring)
                                (no ring)
                                (no ring)

@: no status effects
A: almost no armour, amphibious, 8 rings, camouflage 1, gelatinous body 1,
(nimble swimmer 1), tentacles
a: no special abilities


You were on level 6 of the Dungeon.
You visited 1 branch of the dungeon, and saw 2 of its levels.

You collected 53 gold pieces.

Inventory:

Hand Weapons
 a - a +0 short sword (weapon)
Armour
 h - a +2 buckler (worn)
Magical Staves
 g - a staff of poison
Wands
 f - a wand of digging (3)
 k - a wand of flame (2)
 n - a wand of paralysis (12)
Scrolls
 b - a scroll of fog
 c - a scroll of magic mapping
 d - a scroll of fear
 i - a scroll of teleportation {unknown}
 l - 4 scrolls of identify {unknown}
 m - a scroll of enchant weapon {unknown}
 o - a scroll of holy word {unknown}
Potions
 e - a potion of haste
 j - 2 potions of curing {unknown}


   Skills:
 - Level 3.0 Fighting
 + Level 3.9 Short Blades
 + Level 3.9 Dodging
 + Level 8.3 Stealth
 + Level 2.1 Shields
 + Level 1.7 Spellcasting
 + Level 2.1 Hexes
 + Level 1.3 Evocations


You had 6 spell levels left.
You knew the following spells:

 Your Spells              Type           Power      Damage    Failure   Level
a - Confusing Touch       Hex            7%         N/A       36%         3

Your spell library contained the following spells:

 Spells                   Type           Power      Damage    Failure   Level
 Slow                     Hex            7%         N/A       21%         2
 Passwall                 Tmut/Erth      0%         N/A       43%         2
 Swiftness                Air            1%         N/A       67%         3
 Vampiric Draining        Necr           0%         2d6       67%         3
 Invisibility             Hex            3%         N/A       100%        6


Dungeon Overview and Level Annotations

Branches:
Dungeon (6/15)
 Temple: D:4-7

Altars:
Fedhas
Hepliaklqana

Annotations:
D:6 Menkaure


Innate Abilities, Weirdness & Mutations

You cannot wear most types of armour.
You are amphibious.
You can wear up to eight rings at the same time.
Your skin changes colour to match your surroundings (Stealth+).
Your rubbery body absorbs attacks. (AC +1, EV +1)
((You are camouflaged near water. (Stealth+)))
You have tentacles for arms and can constrict up to eight enemies at once.


Message History

Aim: an ice beast (moderately wounded, 68% to hit)
The puff of flame hits the ice beast but does no damage.
The ice beast is moderately wounded.
The ice beast hits you. The ice beast freezes you!
Unknown command.
Aiming: Throw Flame
Press: ? - help, Shift-Dir - straight line, f/p - ice beast
Aim: an ice beast (moderately wounded, 68% to hit)
The puff of flame hits the ice beast!
The ice beast melts!
The ice beast is severely wounded.
The ice beast hits you. The ice beast freezes you.
Unknown command.
Aiming: Throw Flame
Press: ? - help, Shift-Dir - straight line, f/p - ice beast
Aim: an ice beast (severely wounded, 68% to hit)
The puff of flame hits the ice beast.
The ice beast melts!
The ice beast is almost dead.
The ice beast hits you. The ice beast freezes you!
* * * LOW HITPOINT WARNING * * *
Okay, then.
Aiming: Throw Flame
Press: ? - help, Shift-Dir - straight line, f/p - ice beast
Aim: an ice beast (almost dead, 68% to hit)
The puff of flame hits the ice beast but does no damage.
The ice beast is almost dead.
The ice beast closely misses you.
Unknown command.
Unknown command.
Aiming: Throw Flame
Press: ? - help, Shift-Dir - straight line, f/p - ice beast
Aim: an ice beast (almost dead, 68% to hit)
The puff of flame hits the ice beast but does no damage.
The ice beast is almost dead.
You block the ice beast's attack.
Unknown command.
Aiming: Throw Flame
Press: ? - help, Shift-Dir - straight line, f/p - ice beast
Aim: an ice beast (almost dead, 68% to hit)
The puff of flame misses the ice beast.
The ice beast hits you.
You die...

#......####.#....###..#.##..
###......##......##...#.# .#
#................#.....##.##..
#..###...##...................
##......###........#.###....#
. #.#...##............###....
.. ##..........##.......##...#
...
#...........##.##....##..## M.
#....##........@#.##.##...#.##
#...###..#......Y............#
##### ##.............##.....##
####.###.............#
##.....##..###.......#
##.......#............+
#...................?.#
#..........#..........#
##..#.....##..........#


You could see an ice beast.

Vanquished Creatures
  A scorpion (D:5)
  A water moccasin skeleton (D:5)
  A howler monkey (D:6)
  A centaur zombie (D:6)
  A bullfrog zombie (D:6)
  2 hounds (D:5)
  An orc priest (D:5)
  3 iguanas
  An orc wizard (D:5)
  A killer bee zombie (D:6)
  A hound zombie (D:5)
  8 gnolls (D:5)
  2 adders
  4 orcs
28 creatures vanquished.

Notes
Turn   | Place    | Note
-------+----------+-------------------------------------------
     0 | D:5      | willcat the Octopode Delver began the quest for the Orb.
     0 | D:5      | Reached XP level 1. HP: 16/16 MP: 1/1
    18 | D:5      | Found a blossoming altar of Fedhas.
    18 | D:5      | Found a hazy altar of Hepliaklqana.
    54 | D:5      | Reached XP level 2. HP: 11/21 MP: 2/2
   207 | D:5      | Reached skill level 7 in Stealth
   210 | D:5      | Reached XP level 3. HP: 26/26 MP: 3/3
   234 | D:5      | Reached XP level 4. HP: 31/31 MP: 4/4
   305 | D:5      | Learned a level 3 spell: Confusing Touch
   393 | D:5      | Reached XP level 5. HP: 2/36 MP: 5/5
   982 | D:5      | Reached skill level 1 in Shields
   982 | D:5      | Reached skill level 1 in Hexes
  1037 | D:5      | Reached skill level 1 in Spellcasting
  1037 | D:5      | Reached XP level 6. HP: 24/42 MP: 7/7
  1046 | D:5      | Reached skill level 8 in Stealth
  1807 | D:6      | Reached skill level 1 in Evocations
  1821 | D:6      | Reached XP level 7. HP: 44/46 MP: 9/9
  2208 | D:6      | Noticed Menkaure
  2221 | D:6      | HP: 1/46 [ice beast (13)]
  2226 | D:6      | Slain by an ice beast

Illustrated notes

Levels and vault maps discovered:
D:5:      layout_gridville, mainiacjoe_overflow_divided_tiny
D:6:      layout_cave_pools, chequers_serial_rivers_room_b, uniq_menkaure,
          uniq_duvessa

Skill      XL: |  1  2  3  4  5  6  7 |
---------------+----------------------+-----
Stealth        | 7 8 |  8.3
Short Blades   | 3 |  3.9
Dodging        | 3 |  3.9
Shields        | 1 2 |  2.1
Hexes          | 1 2 |  2.1
Spellcasting   | 1 |  1.7
Evocations     | 1 |  1.3
Fighting       | |  3.0

Action                   |  1- 3 |  4- 6 |  7- 9 || total
-------------------------+-------+-------+-------++-------
Melee: Short sword       |     6 |    74 |    21 ||   101
       Constrict         |     1 |    15 |     2 ||    18
       Tentacles         |     1 |    17 |     6 ||    24
Evoke: Wand              |       |     1 |     8 ||     9
 Stab: Sleeping          |     4 |     4 |       ||     8
Armor: Skin              |       |       |     3 ||     3
Dodge: Dodged            |       |    30 |    15 ||    45
Block: Buckler           |       |    16 |     8 ||    24

Table legend: (Time is in decaauts)
 A = Elapsed time spent in this place.
 B = Non-inter-level travel time spent in this place.
 C = Inter-level travel time spent in this place.
 D = Time resting spent in this place.
 E = Time spent auto-exploring this place.
 F = Levels seen in this place.
 G = Mean time per level.
                   A        B        C        D        E       F      G
               +--------+--------+--------+--------+--------+-----+--------+
         Total |   2224 |   2224 |      0 |   1127 |    726 |   2 | 1112.0 |
       Dungeon |   2224 |   2224 |      0 |   1127 |    726 |   2 | 1112.0 |
               +--------+--------+--------+--------+--------+-----+--------+

Top non-repeatable levels by time:
     D:5: 1778 daAuts
     D:6: 445 daAuts
